 Dungeon Sprint DCSS version 0.17.2-1-ge4368a0 (webtiles) character file.

107 Goblin1989 the Covert (level 4, -4/22 HPs)
             Began as a Spriggan Assassin on Mar 31, 2017.
             Was an Initiate of Dithmenos.
             Killed from afar by an oklob sapling wizard (6 damage)
             ... with a magic dart
             ... in the Dungeon (Sprint IV: "Fedhas' Mad Dash").
             The game lasted 00:00:57 (62 turns).

Goblin1989 the Covert (Spriggan Assassin)             Turns: 62, Time: 00:00:57

Health: -4/22      AC:  3    Str:  7    XL:     4   Next: 57%
Magic:  5/5        EV: 17    Int: 12    God:    Dithmenos [......]
Gold:   16         SH:  0    Dex: 18    Spells: 0 memorised, 3 levels left

rFire  . . .     SeeInvis +     a - +2 dagger
rCold  . . .     Clarity  .     c - +0 robe
rNeg   . . .     SustAt   .     (shield restricted)
rPois  .         Gourm    .     (helmet restricted)
rElec  .         Spirit   .     d - +0 cloak
rCorr  .         Warding  .     (gloves unavailable)
rMut   .         NoTele   +     (boots unavailable)
MR     .....                    (no amulet)
Stlth  +++++++...               (no ring)
                                (no ring)

@: very quick, not resistant to hostile enchantments, extremely stealthy
A: unfitting armour, see invisible, herbivore 3, speed 3, slow metabolism 2
a: Renounce Religion


You were in the Dungeon.
You worshipped Dithmenos.
Dithmenos was noncommittal.
You were not hungry.

You visited 1 branch You collected 16 gold pieces.

Inventory:

Hand Weapons
 a - a +2 dagger (weapon)
 w - a +0 blowgun {@w1}
Missiles
 f - 2 curare-tipped needles
 g - 8 poisoned needles
Armour
 c - a +0 robe (worn)
 d - a +0 cloak (worn)
Jewellery
 i - a ring of invisibility
Scrolls
 b - a scroll of random uselessness {unknown}
 B - a scroll of blinking
Potions
 h - a potion of curing {@q1}
 j - a potion of haste
 k - 2 potions of magic
 l - a potion of berserk rage
 m - a potion of heal wounds
Comestibles
 e - a bread ration {@e1}


   Skills:
 - Level 1.5 Fighting
 - Level 2.1 Short Blades
 - Level 2.0 Throwing
 - Level 1.5 Dodging
 + Level 14.4 Stealth


You had 3 spell levels left.
You didn't know any spells.

Dungeon Overview and Level Annotations

Branches:
Dungeon (1/1)

Altars:
Cheibriados
Dithmenos
Elyvilon
Gozag
Kikubaaqudgha
Makhleb
Nemelex Xobeh
Okawaru
Qazlal
Ru
Sif Muna
Trog
Vehumet
Xom
Yredelemnul
Zin
The Shining One
Beogh
Jiyva
Lugonu

Annotations:
D exclusion: oklob sapling


Innate Abilities, Weirdness & Mutations

You are tiny and cannot use many weapons and most armour.
You have supernaturally acute eyesight.
You are a herbivore.
You cover ground extremely quickly.
You need consume almost no food.


Message History

a robe; a river rat corpse You hit the rat.
The rat is severely wounded.
The rat bites you.
You take 1 damage, and have 9/10 hp.
You hit the rat.
You kill the rat!
You have reached level 2!
You regained 3 hp, and now have 12/14 hp.
MP restored: 3 You open the door.
Marking area around the oklob sapling as unsafe for travelling.
An oklob sapling comes into view.
There is an open door here.
The helpless oklob sapling fails to defend itself.
You perforate the oklob sapling like a sieve!!!
You destroy the oklob sapling!
Your Stealth skill gained 3 levels and is now at level 11!
You have reached level 3!
Your experience leads to an increase in your attributes!
Increase (S)trength, (I)ntelligence, or (D)exterity?
You feel agile.
You regained 3 hp, and now have 15/18 hp.
MP restored: 4 A worker ant comes into view.
You see here 11 gold pieces.
You see here a scroll labeled MONEAS QUPNY.
The helpless worker ant fails to defend itself.
You skewer the worker ant like a kebab!!!
You kill the worker ant!
Your Stealth skill increases to level 12!
b - a scroll labeled MONEAS QUPNY
Things that are here:
a ring of invisibility; a worker ant corpse
i - a ring of invisibility;
m - a potion of heal wounds You now have 16 gold pieces.
You see here a leather armour.
You open the door.
Marking area around the oklob sapling priest as unsafe for travelling.
An oklob sapling priest comes into view.
Found nine altars.
Unknown command.
Unknown command.
Found a burning altar of Makhleb and a sacrificial altar of Ru.
There is an open door here.
Found two altars.
Found a shadowy altar of Dithmenos.
Found a shimmering altar of Xom and an iron altar of Okawaru.
There is a radiant altar of Vehumet here.
Found an opulent altar of Gozag.
Found a roughly hewn altar of Beogh and a basalt altar of Yredelemnul.
There is a deep blue altar of Sif Muna here.
The helpless oklob sapling priest fails to defend itself.
You stick the oklob sapling priest like a pincushion!!!
You destroy the oklob sapling priest!
Your Stealth skill gained 2 levels and is now at level 14!
You have reached level 4!
You regained 3 hp, and now have 19/22 hp.
MP restored: 5
Found a stormy altar of Qazlal.
There is a burning altar of Makhleb here.
There is a shadowy altar of Dithmenos here.
Put on which piece of jewellery? (? for menu, Esc to quit)
Okay, then.
Unknown command.
Put on which piece of jewellery? (? for menu, Esc to quit)
Okay, then.
You kneel at the altar of Dithmenos.
Dithmenos welcomes you!
Unknown command.
There is an iron altar of Okawaru here.
There is a basalt altar of Yredelemnul here.
As you open the door, it creaks loudly!
Marking area around the oklob sapling wizard as unsafe for travelling.
An oklob sapling wizard comes into view.
The oklob sapling wizard looks braver for a moment.
There is an open door here.
The oklob sapling wizard casts a spell at you.
The magic dart hits you!
You take 8 damage, and have 11/22 hp.
MASSIVE DAMAGE!!
You hit the oklob sapling wizard but do no damage.
The oklob sapling wizard stares at you and mumbles some strange words.
The magic dart hits you!
* * * LOW HITPOINT WARNING * * *
You take 9 damage, and have 2/22 hp.
MASSIVE DAMAGE!!
You hit the oklob sapling wizard but do no damage.
You hit the oklob sapling wizard but do no damage.
The oklob sapling wizard casts a cantrip, but nothing happens.
Unknown command.
You hit the oklob sapling wizard but do no damage.
You hit the oklob sapling wizard but do no damage.
You hit the oklob sapling wizard but do no damage.
You hit the oklob sapling wizard but do no damage.
You hit the oklob sapling wizard.
The oklob sapling wizard is lightly damaged.
You hit the oklob sapling wizard but do no damage.
The oklob sapling wizard is lightly damaged.
The oklob sapling wizard stares at you and mumbles some strange words.
The magic dart hits you!
You die... ███████████████████

$█.Ψ.........Ψ.█.$▲
.∆.⌂.⌂.⌂.⌂.⌂.⌂.∆@P█
.█⌂.⌂.⌂.⌂.⌂.⌂.⌂█..█
██.⌂.⌂.⌂.⌂.⌂.⌂.█.[█
█.Ψ....⌂....Ψ.████


███████████████ You could see an oklob sapling wizard.

Vanquished Creatures
  2 oklob saplings (D)
  A worker ant (D)
  A river rat (D)
  A rat (D)
5 creatures vanquished.

Notes
Turn   | Place    | Note
--------------------------------------------------------------
     0 | D        | Goblin1989 the Spriggan Assassin began the quest for the Orb.
     0 | D        | Reached XP level 1. HP: 10/10 MP: 2/2
    12 | D        | Reached skill level 8 in Stealth
    15 | D        | Reached XP level 2. HP: 12/14 MP: 3/3
    19 | D        | Noticed an oklob sapling
    21 | D        | Killed an oklob sapling
    21 | D        | Reached skill level 11 in Stealth
    21 | D        | Reached XP level 3. HP: 15/18 MP: 4/4
    23 | D        | Noticed a worker ant
    25 | D        | Killed a worker ant
    25 | D        | Reached skill level 12 in Stealth
    34 | D        | Found a snail-covered altar of Cheibriados.
    34 | D        | Found a glowing silver altar of Zin.
    34 | D        | Found a white marble altar of Elyvilon.
    34 | D        | Found a viscous altar of Jiyva.
    34 | D        | Found a radiant altar of Vehumet.
    34 | D        | Found a deep blue altar of Sif Muna.
    34 | D        | Found an ancient bone altar of Kikubaaqudgha.
    34 | D        | Found a bloodstained altar of Trog.
    34 | D        | Found a corrupted altar of Lugonu.
    34 | D        | Noticed an oklob sapling priest
    35 | D        | Found a burning altar of Makhleb.
    35 | D        | Found a sacrificial altar of Ru.
    36 | D        | Found a glowing golden altar of the Shining One.
    36 | D        | Found a sparkling altar of Nemelex Xobeh.
    37 | D        | Found a shadowy altar of Dithmenos.
    38 | D        | Found a shimmering altar of Xom.
    38 | D        | Found an iron altar of Okawaru.
    39 | D        | Found an opulent altar of Gozag.
    40 | D        | Found a roughly hewn altar of Beogh.
    40 | D        | Found a basalt altar of Yredelemnul.
    41 | D        | Killed an oklob sapling priest
    41 | D        | Reached skill level 14 in Stealth
    41 | D        | Reached XP level 4. HP: 19/22 MP: 5/5
    42 | D        | Found a stormy altar of Qazlal.
    46 | D        | Became a worshipper of Dithmenos the Shadowed
    51 | D        | Noticed an oklob sapling wizard
    62 | D        | Killed from afar by an oklob sapling wizard

Action                   |  1- 3 |  4- 6 || total
-------------------------+-------+-------++-------
Melee: Dagger            |    12 |     9 ||    21
 Stab: Sleeping          |     3 |       ||     3

Vault maps used:
D:        dungeon_sprint_fedhas
